 Dungeon Crawl Stone Soup version 0.18.1-48-g4cf74bf (webtiles) character file.

1480 G3MoonTanning the Slasher (level 8, -3/82 HPs)
             Began as a High Elf Warper on Aug 4, 2016.
             Was an Initiate of Okawaru.
             Slain by an orc warrior
             ... wielding a +2 morningstar of venom
              (16 damage)
             ... on level 7 of the Dungeon.
             The game lasted 00:25:41 (5342 turns).

G3MoonTanning the Slasher (High Elf Warper)         Turns: 5342, Time: 00:25:42

Health: -3/82      AC:  9    Str: 17    XL:     8   Next: 50%
Magic:  13/13      EV: 14    Int: 16    God:    Okawaru [......]
Gold:   271        SH:  0    Dex: 16    Spells: 3 memorised, 8 levels left

rFire  + . .     SeeInvis .     a - +0 falchion
rCold  . . .     Gourm    .     s - +2 ring mail {rPois}
rNeg   . . .     Faith    .     (no shield)
rPois  +         Spirit   .     (no helmet)
rElec  .         Dismiss  .     g - +0 cloak
rCorr  .         Reflect  .     (no gloves)
SustAt .         Harm     .     (no boots)
MR     +....                    l - amulet of rage
Stlth  ..........               v - ring of protection from magic
                                r - ring of protection from fire

@: berserking, lethally poisoned (-3 -> -12), very quick, somewhat resistant to
hostile enchantments, extremely unstealthy
A: no striking features
a: Renounce Religion, Evoke Berserk Rage


You were on level 7 of the Dungeon.
You worshipped Okawaru.
Okawaru was noncommittal.
You were not hungry.

You visited 2 branches of the dungeon, and saw 8 of its levels.
You also visited: Ossuary.

You collected 271 gold pieces.

Inventory:

Hand Weapons
 a - a +0 falchion (weapon)
Missiles
 e - 5 tomahawks of dispersal (quivered)
 h - 40 bolts
 z - 2 needles of sleeping
 A - 11 javelins
Armour
 g - a +0 cloak (worn)
 s - a +2 ring mail of poison resistance (worn)
 L - a +3 plate armour
 R - a +0 ring mail
Jewellery
 l - an amulet of rage (around neck)
 r - a ring of protection from fire (left hand)
 v - a ring of protection from magic (right hand)
 P - an uncursed amulet of magic regeneration
Wands
 w - a wand of hasting (5/9)
 y - a wand of disintegration (14/24)
Scrolls
 b - a scroll of magic mapping {unknown}
 d - 2 scrolls of blinking
 o - 6 scrolls of remove curse {unknown}
 p - 5 scrolls of random uselessness {unknown}
 u - 8 scrolls of identify {unknown}
 D - 2 scrolls of amnesia {unknown}
 E - 4 scrolls of holy word {unknown}
 G - 4 scrolls of fear {unknown}
 I - 3 scrolls of enchant weapon {unknown}
 J - a scroll of teleportation {unknown}
Potions
 m - 2 potions of curing
 n - a potion of might {unknown}
 q - 2 potions of heal wounds {unknown}
 t - 2 potions of lignification {unknown}
 x - 2 potions of degeneration {unknown}
 B - a potion of cancellation {unknown}
 C - a potion of invisibility {unknown}
 F - 2 potions of haste {unknown}
 H - a potion of ambrosia {unknown}
 K - a potion of flight {unknown}
 O - a potion of brilliance {unknown}
Books
 c - a book of Spatial Translocations

   Spells                             Type                      Level
   a - Apportation                    Translocation                1
   b - Blink                          Translocation                2
   c - Shroud of Golubria             Charms/Translocation         2
   d - Portal Projectile              Translocation                3
   e - Teleport Other                 Translocation                3
   f - Passage of Golubria            Translocation                4
 k - a book of Enchantments

   Spells                             Type                      Level
   a - Cause Fear                     Hexes                        4
   b - Yara's Violent Unravelling     Hexes/Transmutation          5
   c - Silence                        Hexes/Air                    5
   d - Deflect Missiles               Charms/Air                   6
   e - Haste                          Charms                       6
   f - Discord                        Hexes                        8
 N - a book of the Warp

   Spells                             Type                      Level
   a - Recall                         Summoning/Translocation      3
   b - Gell's Gravitas                Hexes/Translocation          3
   c - Force Lance                    Conjuration/Translocation    4
   d - Warp Weapon                    Charms/Translocation         5
   e - Summon Forest                  Summoning/Translocation      5
Comestibles
 f - 3 bread rations
 j - 10 meat rations
 M - 5 fruits


   Skills:
 - Level 5.0 Fighting
 - Level 7.0 Long Blades
 - Level 1.0 Throwing
 - Level 4.0 Armour
 * Level 5.6 Dodging
 - Level 3.1 Spellcasting
 - Level 5.0 Translocations
 - Level 0.6 Evocations


You had 8 spell levels left.
You knew the following spells:

 Your Spells              Type           Power        Failure   Level  Hunger
a - Apportation           Tloc           ###.......   4%          1    None
b - Blink                 Tloc           N/A          10%         2    ##.....
c - Shroud of Golubria    Chrm/Tloc      ##........   21%         2    ##.....


Dungeon Overview and Level Annotations

Branches:
Dungeon (7/15)             Temple (1/1) D:6

Altars:
Ashenzari
Cheibriados
Dithmenos
Fedhas
Gozag
Kikubaaqudgha
Nemelex Xobeh
Okawaru
Pakellas
Ru
Sif Muna
Trog
Vehumet
Xom
Zin
The Shining One

Shops:
D:5 *


Message History

You feel sick.
The orc warrior hits you with a morningstar of venom!
* * * LOW HITPOINT WARNING * * *
You hear a shout!
You closely miss the orc warrior.
The orc warrior is severely wounded.
The orc hits you with a mace!
* * * LOW HITPOINT WARNING * * *
You hit the orc warrior but do no damage.
The orc warrior is severely wounded.
The orc warrior hits you but does no damage.
You are more poisoned.
You hit the orc warrior.
The orc warrior is almost dead.
You feel sick. The orc hits you but does no damage.
You barely miss the orc warrior.
The orc warrior is almost dead.
You feel sick.
The orc warrior hits you with a morningstar of venom!
You die...

##'### #....# #.#
#.#....#
#o###.#....#####
#..##.#........#
##.##.#...<....#
#..#.#....#####
##o#.##.......#
#.#.########.# #.#@#
####†####### #.oo#
#.....##...# ##..#
#.....#....# ##..###
#.....'..#[#
#..>..###.....#.####
#.##...##.....#....#
#.#....##.....####.#
#.#....##.....# #.#
###.#....#########
#.#


You could see an orc warrior and an orc.

Vanquished Creatures
  Sigmund (D:3)
  An ogre (D:5)
  2 phantoms
  2 giant frogs
  A scorpion (D:6)
  5 killer bees (D:7)
  3 wights (D:6)
  A centaur zombie (Ossuary)
  A giant frog skeleton (D:5)
  2 orc wizards
  3 orc priests
  An iguana (D:4)
  Natasha (twice) (D:3)
  Terence (D:2)
  2 hound skeletons
  5 mummies (Ossuary)
  6 adders
  An ooze (D:4)
  3 worms
  An adder skeleton (D:7)
  3 dart slugs
  A giant gecko (D:6)
  16 orcs
  4 bats
  5 giant cockroaches
  11 goblins
  5 hobgoblins
  6 kobolds
  A quokka (D:2)
  2 ball pythons
  6 giant newts
  2 hobgoblin zombies (Ossuary)
  6 rats
112 creatures vanquished.

Notes
Turn   | Place    | Note
--------------------------------------------------------------
     0 | D:1      | G3MoonTanning the High Elf Warper began the quest for the Orb.
     0 | D:1      | Reached XP level 1. HP: 14/14 MP: 4/4
    73 | D:1      | Reached skill level 1 in Armour
   139 | D:1      | Reached XP level 2. HP: 9/19 MP: 6/6
   482 | D:1      | Reached skill level 3 in Long Blades
   579 | D:2      | Found a radiant altar of Vehumet.
   679 | D:2      | Reached XP level 3. HP: 21/24 MP: 7/7
   808 | D:2      | Noticed Terence
   832 | D:2      | Killed Terence
   832 | D:2      | Reached XP level 4. HP: 15/29 MP: 8/8
  1075 | D:3      | Noticed Natasha
  1087 | D:3      | Killed Natasha
  1087 | D:3      | Reached skill level 4 in Long Blades
  1121 | D:3      | Noticed Sigmund
  1139 | D:3      | Killed Sigmund
  1139 | D:3      | Reached skill level 6 in Long Blades
  1139 | D:3      | Reached XP level 5. HP: 5/34 MP: 9/9
  1139 | D:3      | Reached XP level 6. HP: 6/39 MP: 10/10
  1448 | D:3      | Noticed Natasha
  1466 | D:3      | Killed Natasha
  1774 | D:4      | Reached skill level 7 in Long Blades
  1844 | D:4      | Found a sparkling altar of Nemelex Xobeh.
  1952 | D:4      | Found a sand-covered staircase.
  1968 | Ossuary  | Entered an ossuary
  2273 | Ossuary  | Reached XP level 7. HP: 44/47 MP: 11/11
  2668 | D:4      | Found a blossoming altar of Fedhas.
  2853 | D:5      | Entered Level 5 of the Dungeon
  2854 | D:5      | Found a glowing silver altar of Zin.
  3227 | D:5      | Found Lech's General Store.
  3295 | D:5      | Learned a level 2 spell: Blink
  3298 | D:5      | Learned a level 2 spell: Shroud of Golubria
  3683 | D:6      | Reached skill level 5 in Fighting
  3944 | D:6      | HP: 1/50 [orc priest/divine providence (17)]
  4354 | D:6      | Reached XP level 8. HP: 32/55 MP: 11/13
  4468 | D:6      | Found a shattered altar of Ashenzari.
  4468 | D:6      | Found a deep blue altar of Sif Muna.
  4557 | D:6      | Reached skill level 5 in Translocations
  4866 | D:6      | Found a staircase to the Ecumenical Temple.
  4906 | Temple   | Entered the Ecumenical Temple
  4957 | Temple   | Became a worshipper of Warmaster Okawaru
  5167 | D:7      | Reached skill level 5 in Dodging
  5342 | D:7      | Slain by an orc warrior

Skill      XL: |  1  2  3  4  5  6  7  8 |
---------------+-------------------------+-----
Armour         | 1 2 3 4 |  4.0
Long Blades    | 3 6 7 |  7.0
Fighting       | 3 5 |  5.0
Translocations | 4 5 |  5.0
Spellcasting   | 3 |  3.1
Dodging        | 5 |  5.6
Throwing       | |  1.0
Evocations     | |  0.6

Action                   |  1- 3 |  4- 6 |  7- 9 || total
-------------------------+-------+-------+-------++-------
Melee: Falchion          |   117 |   174 |   301 ||   592
 Abil: Evoke Berserk Rag |       |     1 |     2 ||     3
  Use: Potion            |     1 |       |     3 ||     4
       Scroll            |       |       |     2 ||     2
  Eat: Chunk             |       |     4 |     8 ||    12
       Beef jerky        |       |     1 |     2 ||     3
Armor: Ring mail         |    51 |    47 |    89 ||   187
Dodge: Dodged            |    48 |    78 |   133 ||   259
